[Event "Team 45 45 League T27"]
[Site "Free Internet Chess Server"]
[Date "2005.07.23"]
[Round "6"]
[White "Vinoblanca"]
[Black "evgenionegin"]
[Result "1/2-1/2"]
[WhiteElo "1463"]
[BlackElo "1628"]
[TimeControl "2700+45"]

1. d4 g6 2. c4 Bg7 3. Nf3 d6 4. Nc3 Nf6 5. Bf4 Nh5 6. Be3 O-O 7. g3 e5 8. d5 Nd7 9. Bg2 b6 10. O-O Ba6 11. b3 Nc5 12. Bxc5 bxc5 13. Rc1 Re8 14. e4 Bc8 15. Qd2 f5 16. Ne1 Nf6 17. Rc2 fxe4 18. Bxe4 Nxe4 19. Nxe4 Bf5 20. f3 g5 21. Rc3 h6 22. Nf2 e4 23. Re3 Bd4 24. fxe4 Bxe3 25. Qxe3 Qe7 26. Qf3 Bxe4 27. Nxe4 Qxe4 28. Qf7+ Kh8 29. Qf6+ Kh7 30. Qf7+ Kh8 31. Qf6+ Kg8 32. Qf7+ Kh8 33. Qf6+ Kg8   {Game drawn by repetition} 1/2-1/2

[Event "Team 45 45 League T27"]
[Site "Free Internet Chess Server"]
[Date "2005.07.23"]
[Round "6"]
[White "crackjack"]
[Black "grabapawn"]
[Result "1-0"]
[WhiteElo "1599"]
[BlackElo "1456"]
[TimeControl "2700+45"]

1. e4 c5 2. c3 Nc6 3. d4 cxd4 4. cxd4 d5 5. e5 Bf5 6. Bb5 a6 7. Bxc6+ bxc6 8. Nf3 e6 9. O-O Be7 10. Nc3 Qc7 11. a3 Bd8 12. Bg5 f6 13. exf6 Bxf6 14. Bxf6 Nxf6 15. Ne5 O-O 16. Na4 Ne4 17. Rc1 Qe7 18. Nxc6 Qh4 19. Nc5 Ng5 20. Ne7+ Kh8 21. Nxf5 Rxf5 22. Qd3 Raf8 23. Rc2 Qg4 24. Kh1 Qh4 25. Nd7 Nf3 26. h3 Qf4 27. Qxf3 Qxf3 28. gxf3 Rd8 29. Ne5 h5 30. Rfc1 Kh7 31. Rc6 Re8 32. Rxa6 Kh6 33. Rcc6 Kg5 34. Rxe6 Rc8 35. Rac6 Rxc6 36. Rxc6 Rf4 37. b4 Rxd4 38. b5 Ra4 39. b6 Rxa3 40. b7 Rb3 41. Rc7 Kf5 42. Nc6 Kf4 43. Rf7+ Kg5 44. b8=Q Rxb8 45. Nxb8 g6 46. Rd7 Kf4 47. Rxd5 Kxf3 48. Rd4 Kxf2 49. Kh2 Kf3 50. h4 Ke3 51. Ra4 Kf3 52. Nd7 Ke3 53. Kg3 Kd3 54. Kf4 Ke2 55. Kg5 Kf2 56. Kxg6 Kg3 57. Kxh5 Kh3 58. Kg5 Kg3 59. Ne5 Kf2 60. Kf4 Ke2 61. Ra3 Kd2 62. Ke4 Kc2 63. Nc4 Kc1 64. Kd3 Kb1 65. Rc3 Ka2 66. Kc2 Ka1 67. Ra3#   {Black checkmated} 1-0

[Event "Team 45 45 League T27"]
[Site "Free Internet Chess Server"]
[Date "2005.07.23"]
[Round "6"]
[White "EyeAm"]
[Black "chesstalker"]
[Result "1/2-1/2"]
[WhiteElo "1342"]
[BlackElo "1354"]
[TimeControl "2700+45"]

1. e4 e5 2. Nf3 Nc6 3. Bc4 d6 4. d4 Qe7 5. d5 Na5 6. Be2 Nf6 7. b4 g6 8. bxa5 Nxe4 9. Ba3 Bg7 10. O-O Nc5 11. Bb5+ Bd7 12. Bxd7+ Nxd7 13. Re1 f6 14. c4 O-O 15. Nc3 Nc5 16. Bxc5 dxc5 17. Rb1 b6 18. axb6 axb6 19. Qd2 Rfd8 20. Re2 Qd7 21. a4 Rdb8 22. Qc1 Bf8 23. Rd2 Bh6 24. Ne4 Qf5 25. Ng3 Qd7 26. Ne4 Qf5 27. Ng3 Qd7 28. Ne4 Qf5 29. Ng3   {Game drawn by repetition} 1/2-1/2

[Event "Team 45 45 League T27"]
[Site "Free Internet Chess Server"]
[Date "2005.07.22"]
[Round "6"]
[White "nasmichael"]
[Black "blkmagic"]
[Result "1-0"]
[WhiteElo "1324"]
[BlackElo "1053"]
[TimeControl "2700+45"]

1. e4 e5 2. Nf3 Nc6 3. c3 d6 4. d4 Bg4 5. h3 Bxf3 6. Qxf3 f6 7. Bb5 Qd7 8. d5 a6 9. dxc6 bxc6 10. Ba4 Ne7 11. Nd2 Qe6 12. O-O O-O-O 13. b3 g5 14. b4 d5 15. Qd3 dxe4 16. Qxa6+ Kd7 17. Nxe4 Qf5 18. Rd1+ Ke8 19. Rxd8+ Kxd8 20. Nc5 Qc8 21. Qc4 Qa8 22. Ne6+ Kc8 23. Bb3 Rg8 24. Bb2 Nd5 25. Nxc7 Kxc7 26. a4 Nf4 27. Qxg8 c5 28. Qf7+ Kd6 29. Qxf6+ Kc7 30. Qf7+ Kd6 31. bxc5+ Kxc5 32. Ba3+ Kb6 33. Qf6+ Kc7 34. Qxe5+ Kd7 35. Rd1+   {Black resigns} 1-0

[Event "Team 45 45 League T27"]
[Site "Free Internet Chess Server"]
[Date "2005.07.24"]
[Round "6"]
[White "HotDonut"]
[Black "bahus"]
[Result "0-1"]
[WhiteElo "1919"]
[BlackElo "1854"]
[TimeControl "2700+45"]

1. Nf3 Nf6 2. c4 g6 3. b4 Bg7 4. Bb2 O-O 5. g3 a5 6. a3 axb4 7. axb4 Rxa1 8. Bxa1 d6 9. Bg2 c5 10. bxc5 dxc5 11. O-O Nc6 12. d3 Qa5 13. Bc3 Qa7 14. Qb3 Bd7 15. Na3 Rb8 16. Nb5 Qb6 17. Rb1 Ne8 18. Bxg7 Kxg7 19. Qb2+ f6 20. Nd2 Nb4 21. Nc3 Qe6 22. Kf1 Nd6 23. Nd5 Nxd5 24. cxd5 Qf5 25. e4 Qh5 26. Qb6 Bb5 27. Nc4 Bxc4 28. dxc4 Nxc4 29. Qc7 Nd2+ 30. Kg1 Nxb1 31. Qxb8 Qd1+ 32. Bf1 Nd2   {White resigns} 0-1

[Event "Team 45 45 League T27"]
[Site "Free Internet Chess Server"]
[Date "2005.07.23"]
[Round "6"]
[White "Haotu"]
[Black "CelticDeath"]
[Result "1-0"]
[WhiteElo "1734"]
[BlackElo "1678"]
[TimeControl "2700+45"]

1. e4 d5 2. exd5 Nf6 3. d4 Bg4 4. Nf3 Qxd5 5. Be2 e6 6. c4 Bb4+ 7. Nc3 Bxc3+ 8. bxc3 Qa5 9. O-O Nc6 10. Qb3 O-O 11. Qxb7 Bxf3 12. Bxf3 Qxc3 13. Bb2 Qxc4 14. Qxc6 Qxc6 15. Bxc6 Rab8 16. Ba3 Rfd8 17. Bc5 a5 18. Rab1 Rxb1 19. Rxb1 h6 20. f3 e5 21. dxe5 Nd5 22. Rd1   {Black resigns} 1-0

[Event "Team 45 45 League T27"]
[Site "Free Internet Chess Server"]
[Date "2005.07.23"]
[Round "6"]
[White "phorku"]
[Black "Litovec"]
[Result "0-1"]
[WhiteElo "1552"]
[BlackElo "1674"]
[TimeControl "2700+45"]

1. e4 e5 2. Bc4 Nf6 3. d3 Bc5 4. Nc3 Nc6 5. f4 d6 6. Nf3 Bg4 7. h3 Bxf3 8. gxf3 Bb4 9. Qd2 Nd4 10. Qg2 Nh5 11. fxe5 Qh4+ 12. Kd1 dxe5 13. Nd5 Bd6 14. c3 Ne6 15. Rg1 c6 16. Ne3 Nef4 17. Qh2 g6 18. Kc2 Qxh3 19. Qxh3 Nxh3 20. Rg2 N3f4 21. Rh2 O-O-O 22. Bxf7 Rdf8 23. Bc4 b5 24. Bb3 a5 25. a3 Kd7 26. Bd2 Ne6 27. Bxe6+ Kxe6 28. Rf2 Nf4 29. Rh1 h5 30. c4 b4 31. axb4 axb4 32. Kb3 c5 33. Kc2 Rf7 34. Rhh2 h4 35. Ng2 g5 36. Nxf4+ exf4 37. Rfg2 Be7 38. Kb3 h3 39. Rg4 Bf6 40. Be1 Ra7 41. Bf2 Kd6 42. d4 cxd4 43. Kxb4 Rb8#   {White checkmated} 0-1

[Event "Team 45 45 League T27"]
[Site "Free Internet Chess Server"]
[Date "2005.07.24"]
[Round "6"]
[White "Valiantangel"]
[Black "rudini"]
[Result "0-1"]
[WhiteElo "1806"]
[BlackElo "1937"]
[TimeControl "2700+45"]

1. d4 Nf6 2. c4 e5 3. dxe5 Ng4 4. Nf3 Bc5 5. e3 Nc6 6. Be2 Ngxe5 7. Nbd2 Qf6 8. a3 d6 9. Ne4 Nxf3+ 10. Bxf3 Qf5 11. Nxc5 Qxc5 12. Qd5 Ne5 13. Qxc5 Nxf3+ 14. gxf3 dxc5 15. b3 Be6 16. Bb2 f6 17. Ke2 O-O-O 18. Rad1 b5 19. cxb5 Bxb3 20. Rc1 c4 21. Bd4 Kb7 22. Rc3 Rhe8 23. f4 Rxd4 24. Rhc1 Rxf4   {White resigns} 0-1

[Event "Team 45 45 League T27"]
[Site "Free Internet Chess Server"]
[Date "2005.07.23"]
[Round "6"]
[White "zandree"]
[Black "kballoloco"]
[Result "0-1"]
[WhiteElo "1262"]
[BlackElo "1633"]
[TimeControl "2700+45"]

1. d4 Nf6 2. c4 e6 3. Nc3 d5 4. Nf3 Be7 5. Qa4+ Bd7 6. Qc2 O-O 7. Bg5 dxc4 8. Ne5 b5 9. Qd2 Nd5 10. Bh6 gxh6 11. Qxh6 Be8 12. Ne4 f6 13. Nf3 Bg6 14. Nc5 Bxc5 15. dxc5 Nd7 16. c6 Ne5 17. Rd1 Qe8 18. Nd4 Nb4 19. g3 Nbxc6 20. Bg2 Nxd4 21. Bxa8 Nc2+ 22. Kd2 Qxa8 23. Kc1 Qe4 24. f4 Ng4 25. Qh3 Nce3 26. Kd2 Rd8+ 27. Kc3 b4+ 28. Kxb4 Rb8+ 29. Kc3 Qc2+ 30. Kd4 Qxb2+ 31. Kc5 Qb6#   {White checkmated} 0-1

[Event "Team 45 45 League T27"]
[Site "Free Internet Chess Server"]
[Date "2005.07.25"]
[Round "6"]
[White "gracey"]
[Black "SabuesoMaster"]
[Result "1-0"]
[WhiteElo "2069"]
[BlackElo "1913"]
[TimeControl "2700+45"]

1. Nf3 Nf6 2. g3 e6 3. Nc3 d5 4. d4 Bb4 5. Bg5 h6 6. Bd2 c5 7. a3 Bxc3 8. Bxc3 Ne4 9. Qd3 Nxc3 10. Qxc3 cxd4 11. Nxd4 O-O 12. e3 Bd7 13. Bd3 Nc6 14. Nxc6 Bxc6 15. O-O Rc8 16. Qd4 a6 17. Rfd1 Qe7 18. Rac1 Rfd8 19. f4 Qe8 20. Qb6 Qe7 21. Rf1 Qc7 22. Qd4 Be8 23. Rf2 Qc5 24. f5 Qxd4 25. exd4 Bd7 26. fxe6 fxe6 27. Rcf1 Rf8 28. Rxf8+ Rxf8 29. Bh7+ Kxh7 30. Rxf8 Kg6 31. Kf2 Ba4 32. c3 Kg5 33. Rf7 Bc6 34. Rxg7+ Kf6 35. Rh7 Kg6 36. Rc7 Kg5 37. Ke3 Kg4 38. Rg7+ Kf5 39. h3 Kf6 40. Rg8 Bb5 41. Rb8 Bc6 42. Kf4 Kg6 43. Ke5 Kf7 44. Rh8 Kg7 45. Rc8 Kf7 46. Rc7+ Kg6 47. Kxe6 Kg5 48. Rg7+ Kh5 49. Kf6 a5 50. Re7   {Black resigns} 1-0

[Event "Team 45 45 League T27"]
[Site "Free Internet Chess Server"]
[Date "2005.07.23"]
[Round "6"]
[White "maeck"]
[Black "javamanissa"]
[Result "1-0"]
[WhiteElo "1862"]
[BlackElo "1831"]
[TimeControl "2700+45"]

1. Nf3 Nf6 2. g3 g6 3. Bg2 Bg7 4. O-O O-O 5. d4 d6 6. c4 a5 7. Nc3 Na6 8. a3 Nd7 9. Be3 e5 10. b4 f5 11. Ng5 Nb6 12. dxe5 Bxe5 13. bxa5 Bxc3 14. axb6 Bxa1 15. Bd5+ Kh8 16. Qxa1+ Qf6 17. Bd4   {Black resigns} 1-0

[Event "Team 45 45 League T27"]
[Site "Free Internet Chess Server"]
[Date "2005.07.24"]
[Round "6"]
[White "RomaLavrn"]
[Black "Doubleletter"]
[Result "0-1"]
[WhiteElo "1867"]
[BlackElo "1737"]
[TimeControl "2700+45"]

1. d4 d5 2. c4 e6 3. Nc3 c6 4. cxd5 cxd5 5. Nf3 Nf6 6. Bg5 Be7 7. e3 Nbd7 8. Bd3 a6 9. Qc2 b5 10. O-O Bb7 11. Rfe1 Rc8 12. a3 Ne4 13. Bxe7 Qxe7 14. Rac1 Nxc3 15. bxc3 f5 16. Qb3 Nb6 17. Rb1 Na4 18. Rec1 O-O 19. Ne5 Rc7 20. c4 dxc4 21. Bxc4 Rxc4 22. Nxc4 Bd5 23. Qb4 Qxb4 24. Rxb4 Rc8 25. Kf1 Bxc4+ 26. Ke1 Nb6 27. Kd2 Nd5 28. Rb2 Ne7 29. Rbc2 Rc6 30. a4 Nd5 31. axb5 axb5 32. f3 Nb4 33. Rb2 Nd3 34. Rxc4 bxc4 35. Rb7 c3+ 36. Kc2 Ne1+ 37. Kc1 Nxg2 38. Rb3 Nxe3 39. Ra3 Kf7 40. Rb3 Kg6 41. Ra3 Kg5 42. Rb3 Kf4 43. Rb4 Kxf3 44. Rb3 f4 45. Rb4 Kg2 46. Rb7 Nf5 47. Rf7 f3 48. d5 f2 49. dxc6 f1=Q+ 50. Kc2 Nd4+ 51. Kxc3 Qxf7 52. Kxd4 Qc7 53. Kc5 e5 54. h4 e4 55. Kd5 e3 56. h5 e2 57. h6 e1=Q 58. hxg7 Qee5+ 59. Kc4 Qexg7 60. Kc5 Qg5+ 61. Kb4 Qxc6 62. Kb3 Qgb5+ 63. Ka3 Qca6#   {White checkmated} 0-1

[Event "Team 45 45 League T27"]
[Site "Free Internet Chess Server"]
[Date "2005.07.21"]
[Round "6"]
[White "midoekram"]
[Black "bahus"]
[Result "0-1"]
[WhiteElo "1749"]
[BlackElo "1829"]
[TimeControl "2700+45"]

1. e4 e5 2. Nf3 Nf6 3. Nxe5 d6 4. Nf3 Nxe4 5. d4 d5 6. Bd3 Be7 7. O-O Nc6 8. Re1 Bg4 9. c3 f5 10. Nbd2 O-O 11. b4 Nxc3 12. Qb3 Bxb4 13. Bb2 Ne4 14. Bxe4 fxe4 15. Rxe4 Bf5 16. Re2 Kh8 17. Ne5 Nxe5 18. dxe5 Qe7 19. Nf3 Be4 20. a3 Bxf3 21. gxf3 Bc5 22. Qxb7 Qf7 23. Rc2 Qg6+ 24. Kf1 Qxc2 25. Rc1 Qxf2#   {White checkmated} 0-1

[Event "Team 45 45 League T27"]
[Site "Free Internet Chess Server"]
[Date "2005.07.23"]
[Round "6"]
[White "nitedozer"]
[Black "HotDonut"]
[Result "1/2-1/2"]
[WhiteElo "1912"]
[BlackElo "1919"]
[TimeControl "2700+45"]

1. Nf3 d5 2. c4 e6 3. g3 Nf6 4. Bg2 Be7 5. b3 O-O 6. Bb2 c5 7. e3 Nc6 8. O-O b6 9. d3 Bb7 10. Nc3 a6 11. Qd2 Qc7 12. cxd5 exd5 13. Rac1 Rad8 14. Ne2 Qb8 15. Ba3 b5 16. Bxc5 Rfe8 17. Bxe7 Nxe7 18. Nfd4 Ng6 19. Nc6 Bxc6 20. Rxc6 h5 21. Rfc1 h4 22. Qa5 Qe5 23. d4 Qh5 24. Nf4 Nxf4 25. exf4 hxg3 26. fxg3 Ng4 27. h3 Ne3 28. g4 Qh4 29. Qd2 Qg3 30. Qf2 Qxg2+ 31. Qxg2 Nxg2 32. Kxg2 Re2+ 33. Kf3 Rxa2 34. Rc8 Rxc8 35. Rxc8+ Kh7 36. f5 Ra3 37. Rc3 a5 38. Re3 a4 39. bxa4 b4 40. Kf4 b3 41. Re2 Ra2 42. Re3 Ra3 43. Re2 Rxa4 44. Rb2 Rb4 45. Ke5 Rb5 46. Kd6 g6 47. fxg6+ Kxg6 48. Kc6 Rb8 49. Kxd5 f5 50. gxf5+ Kxf5 51. Kc4 Ke4 52. Re2+ Kf3 53. Rb2 Ke4 54. h4 Rc8+ 55. Kxb3 Rb8+ 56. Kc3 Rxb2 57. Kxb2 Kxd4 58. h5 Ke5 59. h6 Kf6 60. h7 Kg7 61. h8=R Kxh8   {Neither player has mating material} 1/2-1/2

[Event "Team 45 45 League T27"]
[Site "Free Internet Chess Server"]
[Date "2005.07.23"]
[Round "6"]
[White "wester"]
[Black "malevolentmick"]
[Result "1-0"]
[WhiteElo "1946"]
[BlackElo "1807"]
[TimeControl "2700+45"]

1. Nf3 Nf6 2. d4 d5 3. c4 e6 4. Nc3 Be7 5. Bg5 O-O 6. e3 h6 7. Bh4 b6 8. cxd5 Nxd5 9. Nxd5 exd5 10. Bxe7 Qxe7 11. Qb3 Be6 12. Rc1 c5 13. Be2 Nd7 14. O-O Rfc8 15. Rfd1 Bg4 16. Qxd5 Nf6 17. Qb3 cxd4 18. Nxd4 Bxe2 19. Nxe2 Ng4 20. h3 Nf6 21. Nf4 Ne4 22. Qd5 Rxc1 23. Qxa8+   {Black resigns} 1-0

[Event "Team 45 45 League T27"]
[Site "Free Internet Chess Server"]
[Date "2005.07.23"]
[Round "6"]
[White "Pawns"]
[Black "noHz"]
[Result "0-1"]
[WhiteElo "1789"]
[BlackElo "1917"]
[TimeControl "2700+45"]

1. e4 e5 2. Nf3 Nf6 3. d4 Nxe4 4. Bd3 d5 5. Nxe5 Be7 6. Qf3 O-O 7. Bxe4 dxe4 8. Qxe4 f6 9. Nf3 Bb4+ 10. Kd1 Re8 11. Qd3 Bd6 12. Be3 Nc6 13. c4 Kh8 14. a3 a5 15. Nc3 Bg4 16. Ne4 Bf5 17. Nfd2 Be5 18. d5 b6 19. Kc2 Nb8 20. Rae1 Bg6 21. f4 Bd6 22. Rhf1 Bf5 23. Rg1 Qe7 24. Bd4 Bxf4 25. g4 Bxd2 26. gxf5 Bxe1 27. Rxe1 Nd7 28. Bc3 Ne5 29. Qe2 Qd7 30. b3 Qxf5   {White resigns} 0-1